 Dungeon Crawl Stone Soup version 0.31-a0-690-g7ce4588941 (webtiles) character file.

Game seed: 10680458506224249402

229 blacky4 the Ruffian (level 5, -5/37 HPs)
             Began as a Demonspawn Shapeshifter on Sept 6, 2023.
             Slain by an ogre
             ... wielding a +0 giant club
              (19 damage)
             ... on level 4 of the Dungeon.
             The game lasted 00:03:27 (2482 turns).

blacky4 the Ruffian (Demonspawn Shapeshifter)       Turns: 2482, Time: 00:03:28

Health: -5/37      AC: 10    Str: 14    XL:     5   Next: 71%
Magic:  5/5        EV: 10    Int: 13    God:
Gold:   1322       SH:  4    Dex: 13    Spells: 4/4 levels left

rFire   + .          .
                       - Unarmed
rCold   . . .        (no shield)
rNeg    . . .        m - +0 scale mail
rPois   +            (helmet currently unavailable)
rElec   .            (cloak currently unavailable)
rCorr   .            (gloves currently unavailable)
SInv    .            (boots currently unavailable)
Will    .....        (no amulet) Stlth
                     T - +4 ring of protection
HPRegen 0.26/turn    g - ring "Supa" {rPois rF+}
MPRegen 0.09/turn

%: no passive effects
@: beast-form
A: beast (slay +2), horns 1, condensation shield
a: Begin Untransformation


You were on level 4 of the Dungeon.
You were a hulking beast.
You visited 1 branch of the dungeon, and saw 4 of its levels.

You collected 1322 gold pieces.


Innate Abilities, Weirdness & Mutations

You are a hulking beast.
Your limbs bulge with bestial killing power. (Slay +2)
You have a pair of small horns on your head.
A meltable shield of frost defends you. (SH +4)


   Skills:
 - Level 1.0 Fighting
 * Level 3.5 Dodging
 * Level 4.0 Unarmed Combat
 * Level 3.8 Shapeshifting


You had 4 spell levels left.
You didn't know any spells.
Your spell library was empty.

Inventory:

Armour
 a - a +0 animal skin
 m - a +0 scale mail (worn)
Magical Staves
 h - a staff of cold {!a}
Jewellery
 g - the ring "Supa" (right hand) {rPois rF+}
   (You took it off an orc on level 3 of the Dungeon)

   [ring of poison resistance]

   rF+:       It protects you from fire.
   rPois:     It protects you from poison
 T - a +4 ring of protection (left hand)
Talismans
 c - a beast talisman (active)
 d - a flux talisman
Scrolls
 k - a scroll of torment {unknown}
Potions
 b - a potion of lignification
 e - 2 potions of brilliance {unknown}
 f - a potion of mutation
 i - a potion of magic {unknown}
 j - a potion of resistance
 n - a potion of haste {@q3}

Dungeon Overview and Level Annotations

Branches:
Dungeon (4/15)
 Temple: D:4-7

Altars:

#. #................#
...###.###.#####.##.#####.#
.......)##># #.##.# #.#
#<##.#####.##.#####.##
#...........#.........
#.########..#######.## ...#
#........# ##.## #####
#.####..>#####....
#######h# #..........##
##.....#O####..#######.#
.......#l##.......##...#
.........##.......##.###
.......####.......##.#
....Ol........)...##.#
......#####.......##.#
...... #.......##.# ......
#.......##.##


You could see an ogre and an iguana.


Message History

You kill the goblin!
No target in view!
No target in view!
An orc comes into view. It is wielding a +0 whip.
You see here a +0 club.
An orc is nearby!
An orc is nearby!
An orc is nearby!
The orc hits you but does no damage.
You closely miss the orc. You headbutt the orc!
You kill the orc!
No target in view!
Found a stone staircase leading down.
Things that are here:
a +0 whip; an orc corpse An ogre and an iguana come into view.
The ogre shouts!
The iguana hisses angrily.
You hear a shout!
There are monsters nearby!
There are monsters nearby!
You punch the ogre!
The ogre is moderately wounded.
The ogre hits you with a +0 giant club!!
Ouch! That really hurt!
* * * LOW HITPOINT WARNING * * *
You take 23 damage, and have 14/37 hp.
MASSIVE DAMAGE!!
You barely miss the ogre.
The ogre is moderately wounded.
The ogre hits you with a +0 giant club!!
Ouch! That really hurt!
You die...

Skill      XL: |  1  2  3  4 |
---------------+-------------+-----
Dodging        | 2 3 |  3.5
Unarmed Combat | 3 4 |  4.0
Shapeshifting  | 3 |  3.8
Fighting       | |  1.0

Action                     |  1- 3 |  4- 6 || total
---------------------------+-------+-------++-------
  Melee: Unarmed           |   123 |    92 ||   215
         Headbutt          |    14 |    20 ||    34
         Punch             |     1 |       ||     1
    Use: Scroll            |       |     7 ||     7
   Stab: Sleeping          |     2 |       ||     2
 Armour: Animal skin       |    46 |       ||    46
         Scale mail        |     6 |    56 ||    62
  Dodge: Dodged            |    72 |    31 ||   103
  Block: Other             |       |     2 ||     2

Levels and vault maps discovered:
D:1:      lightli_arrival_statuegarden, layout_basic, serial_glass,
          glass_columns_a, glass_columns_c
D:2:      layout_basic
D:3:      layout_loops_ring, chequers_serial_rivers_micro_c,
          nicolae_figureground_pulse
D:4:      layout_loops_ring

Notes
Turn   | Place    | Note
-------+----------+-------------------------------------------
     0 | D:1      | blacky4 the Demonspawn Shapeshifter began the quest for the
                  | Orb.
     0 | D:1      | Reached XP level 1. HP: 15/15 MP: 1/1
   164 | D:1      | Reached skill level 2 in Dodging
   174 | D:1      | Gained mutation: You have a pair of small horns on your
                  | head. [demonic ancestry]
   174 | D:1      | Reached XP level 2. HP: 14/21 MP: 2/2
   224 | D:1      | Reached skill level 3 in Unarmed Combat
   244 | D:1      | Reached skill level 3 in Shapeshifting
   409 | D:1      | Reached XP level 3. HP: 25/26 MP: 3/3
  1063 | D:2      | Reached XP level 4. HP: 32/32 MP: 4/4
  1605 | D:2      | Identified a potion of resistance
  1610 | D:2      | Identified a scroll of acquirement
  1610 | D:2      | Acquired 1234 gold pieces
  1713 | D:3      | Identified the ring "Supa" {rPois rF+}
  1741 | D:3      | Reached skill level 3 in Dodging
  2367 | D:4      | Noticed an ogre
  2372 | D:4      | Killed an ogre
  2373 | D:4      | Reached skill level 4 in Unarmed Combat
  2373 | D:4      | Gained mutation: A meltable shield of frost defends you.
                  | (SH +4) [demonic ancestry]
  2373 | D:4      | Reached XP level 5. HP: 37/37 MP: 5/5
  2473 | D:4      | Noticed an ogre
  2482 | D:4      | Slain by an ogre

Vanquished Creatures
  An ogre (D:4)
  An orc wizard (D:3)
  3 adders
  A worm (D:2)
  A dart slug (D:1)
  5 orcs
  8 ball pythons
  4 bats
  4 endoplasms
  6 giant cockroaches
  5 goblins
  12 hobgoblins
  9 jackals
  5 quokkas
  2 frilled lizards
  3 kobolds (D:1)
  5 rats
75 creatures vanquished.

Table legend: (Time is in decaauts)
 A = Elapsed time spent in this place.
 B = Non-inter-level travel time spent in this place.
 C = Inter-level travel time spent in this place.
 D = Time resting spent in this place.
 E = Time spent auto-exploring this place.
 F = Levels seen in this place.
 G = Mean time per level.
                   A        B        C        D        E       F      G
               +--------+--------+--------+--------+--------+-----+--------+
         Total |   2467 |   2425 |     42 |    123 |   1826 |   4 |  616.8 |
       Dungeon |   2467 |   2425 |     42 |    123 |   1826 |   4 |  616.8 |
               +--------+--------+--------+--------+--------+-----+--------+

Top non-repeatable levels by time:
     D:2: 963 daAuts
     D:3: 734 daAuts
     D:1: 656 daAuts
     D:4: 113 daAuts

Table legend:
 A = Non-vault XP
 B = Vault XP
 C = Vault XP percentage of total XP
 D = Non-vault monster count
 E = Vault monster count
 F = Vault count percentage of total count
                 A         B        C        D         E       F
            +---------+---------+-------+---------+---------+-------
      Total |     328 |       0 |   0.0 |      75 |       0 |   0.0
            +---------+---------+-------+---------+---------+-------
        D:1 |      58 |       0 |   0.0 |      32 |       0 |   0.0
        D:2 |      49 |       0 |   0.0 |      20 |       0 |   0.0
        D:3 |      80 |       0 |   0.0 |      17 |       0 |   0.0
        D:4 |     141 |       0 |   0.0 |       6 |       0 |   0.0
            +---------+---------+-------+---------+---------+-------
